 Dungeon Crawl Stone Soup version 0.21.1-1-g345015f (webtiles) character file.

128 Ecrof the Chopper (level 4, -2/38 HPs)
             Began as a Draconian Berserker on June 19, 2018.
             Was a Believer of Trog.
             Killed from afar by an orc wizard (3 damage)
             ... with a magic dart
             ... on level 3 of the Dungeon.
             The game lasted 00:26:41 (2333 turns).

Ecrof the Chopper (Draconian Berserker)             Turns: 2333, Time: 00:26:45

Health: -2/38      AC:  6    Str: 21    XL:     4   Next: 87%
Magic:  4/4        EV:  9    Int:  7    God:    Trog [**....]
Gold:   158        SH:  7    Dex: 10    Spells: 3/3 levels left

rFire    . . .     SeeInvis .   a - +0 hand axe
rCold    . . .     Gourm    .   g - +0 shield
rNeg     . . .     Faith    .   (armour unavailable)
rPois    .         Spirit   .   (helmet restricted)
rElec    .         Reflect  .   (no cloak)
rCorr    .         Harm     .   h - +0 pair of gloves
MR       .....                  (no boots)
Stlth    +.........             (no amulet)
HPRegen  0.12/turn              (no ring)
MPRegen  0.09/turn              (no ring)

@: no status effects
A: unfitting armour, cold-blooded, AC +5
a: Berserk, Trog's Hand, Burn Spellbooks, Renounce Religion


You were on level 3 of the Dungeon.
You worshipped Trog.
Trog was pleased with you.
You were not hungry.

You visited 1 branch of the dungeon, and saw 3 of its levels.

You collected 158 gold pieces.

Inventory:

Hand Weapons
 a - a +0 hand axe (weapon)
Missiles
 c - 42 stones (quivered)
 i - 18 poisoned needles
 j - 18 bolts
Armour
 g - a +0 shield (worn)
 h - a +0 pair of gloves (worn)
Wands
 l - a wand of polymorph (7)
Scrolls
 e - 2 scrolls of identify
 k - a scroll of amnesia {unknown}
Potions
 d - a potion of haste
 f - 2 potions of degeneration {unknown}
Comestibles
 b - 3 rations
 m - a chunk of flesh


   Skills:
 - Level 3.2 Fighting
 + Level 5.6 Axes
 - Level 2.6 Dodging


You had 3 spell levels left.
You didn't know any spells.

Dungeon Overview and Level Annotations

Branches:
Dungeon (3/15)

Altars:


Innate Abilities, Weirdness & Mutations

Your plain brown scales are hard. (AC +5)
You cannot fit into any form of body armour.
You are cold-blooded and may be slowed by cold attacks.


Message History

Aim: an orc wizard, wielding an enchanted dagger and wearing a robe (moderately wounded)
You throw a stone.
The stone hits the orc wizard but does no damage.
The orc wizard is moderately wounded.
Throwing (i - inventory):
c - 44 stones (quivered)
Press: ? - help, Shift-Dir - straight line, f/p - orc wizard
Aim: an orc wizard, wielding an enchanted dagger and wearing a robe (moderately wounded)
You throw a stone.
The stone hits the orc wizard but does no damage.
The orc wizard is moderately wounded.
Throwing (i - inventory):
c - 43 stones (quivered)
Press: ? - help, Shift-Dir - straight line, f/p - orc wizard
Aim: an orc wizard, wielding an enchanted dagger and wearing a robe (moderately wounded)
You throw a stone. The stone barely misses the orc wizard.
The orc wizard casts a spell at you. The puff of frost hits you!
* * * LOW HITPOINT WARNING * * *
The orc wizard gestures at you while chanting.
The magic dart hits you!
You die...

###.......#
#.......# ##
#......###...
#.....##.....
#....##......
#....#....≈≈≈
#.####...≈≈≈≈
#.#.....≈≈...
#...@...≈≈o>.
###.....≈≈...
####...≈≈≈≈
....≈≈≈
#......
#..... ##...
###


You could see an orc wizard.

Vanquished Creatures
  Ijyb (D:3)
  3 adders (D:2)
  3 dart slugs
  4 leopard geckos
  2 giant cockroaches (D:1)
  8 goblins
  10 hobgoblins
  2 jackals (D:1)
  7 kobolds
  3 quokkas
  10 bats
  A frilled lizard (D:3)
  11 rats
  A bush (D:1)
  A plant (D:1)
67 creatures vanquished.

Notes
Turn   | Place    | Note
-------+----------+-------------------------------------------
     0 | D:1      | Ecrof the Draconian Berserker began the quest for the Orb.
     0 | D:1      | Reached XP level 1. HP: 19/19 MP: 1/1
   220 | D:1      | Reached XP level 2. HP: 25/26 MP: 2/2
   428 | D:1      | Reached skill level 4 in Axes
   604 | D:1      | Reached XP level 3. HP: 31/31 MP: 3/3
  1017 | D:2      | Reached ** piety under Trog
  1401 | D:2      | Reached skill level 5 in Axes
  1401 | D:2      | Reached XP level 4. HP: 23/38 MP: 4/4
  2075 | D:3      | Noticed Ijyb
  2125 | D:3      | Killed Ijyb
  2333 | D:3      | HP: 1/38 [orc wizard/puff of frost (7)]
  2333 | D:3      | Killed from afar by an orc wizard

Skill      XL: |  1  2  3 |
---------------+----------+-----
Axes           | 4 5 |  5.6
Fighting       | |  3.2
Dodging        | |  2.6

Action                   |  1- 3 |  4- 6 || total
-------------------------+-------+-------++-------
Melee: Hand axe          |   280 |    45 ||   325
       Tailslap          |    59 |     1 ||    60
       Unarmed           |       |     9 ||     9
Throw: Stone             |    71 |    76 ||   147
  Use: Scroll            |     3 |     1 ||     4
  Eat: Chunk             |     2 |     3 ||     5
Armor: Skin              |    54 |    16 ||    70
Dodge: Dodged            |    66 |    11 ||    77
Block: Shield            |    40 |    17 ||    57
